 Dungeon Crawl Stone Soup version 0.26-a0-712-ga5a9c9c9d0 (webtiles) character file.

Game seed: 2036455915609660121

260 kae the Changer (level 6, -1/41 HPs)
             Began as an Octopode Transmuter on Nov 5, 2020.
             Slain by Grinder (7 damage)
             ... on level 4 of the Dungeon.
             The game lasted 00:01:53 (4584 turns).

kae the Changer (Octopode Transmuter)               Turns: 4584, Time: 00:01:54

Health: -1/41      AC:  2    Str: 12    XL:     6   Next: 17%
Magic:  7/10       EV: 19    Int: 15    God:
Gold:   101        SH:  0    Dex: 17    Spells: 7/11 levels left

rFire    . . .     SeeInvis .     - Unarmed
rCold    . . .     Faith    .   (shield currently unavailable)
rNeg     . . .     Spirit   .   (helmet currently unavailable)
rPois    x         Reflect  .   (no amulet)
rElec    .         Harm     .   (no ring)
rCorr    .         Rampage  .   (no ring)
MR       .....                  (no ring)
Stlth    ++........             (no ring)
HPRegen  0.13/turn              (no ring)
MPRegen  0.12/turn              (no ring)
                                (no ring)
                                (no ring)

@: spider-form (expiring)
A: tiny, almost no armour, stealthy swim, (amphibious), 8 rings, (constrict 8)
a: End Transformation


You were on level 4 of the Dungeon.
You were a venomous arachnid creature.
You visited 1 branch of the dungeon, and saw 4 of its levels.

You collected 101 gold pieces.

Inventory:

Wands
 i - a wand of polymorph (6)
Scrolls
 c - 4 scrolls of identify {unknown}
 g - a scroll of magic mapping {unknown}
Potions
 a - a potion of haste {unknown}
 d - a potion of lignification {unknown}
 e - 3 potions of stabbing {unknown}
 f - a potion of curing {unknown}
 h - a potion of resistance {unknown}


   Skills:
 + Level 2.5 Fighting
 - Level 2.0 Dodging
 + Level 4.1 Unarmed Combat
 - Level 3.0 Spellcasting
 * Level 4.3 Transmutations


You had 7 spell levels left.
You knew the following spells:

 Your Spells              Type           Power        Failure   Level
a - Beastly Appendage     Tmut           ###...       12%         1
b - Spider Form           Tmut/Pois      #.........   47%         3

Your spell library contained the following spells:

 Spells                   Type           Power        Failure   Level
 Wereblood                Tmut           ###.....     16%         2
 Ice Form                 Ice/Tmut       #.......     82%         4
 Blade Hands              Tmut           ###.......   85%         5


Dungeon Overview and Level Annotations

Branches:
Dungeon (4/15)
 Temple: D:4-7

Altars:
Ashenzari
Hepliaklqana
Kikubaaqudgha
Sif Muna
Yredelemnul

Annotations:
D:3 2 transporters, p0werm0de's ghost, amateur MiFi
D:4 exclusion: ogre, Grinder


Innate Abilities, Weirdness & Mutations

You cannot wear most types of armour.
You are very stealthy in the water. (Stealth+)
((You are amphibious.))
You can wear up to eight rings at the same time.
((You can use your tentacles to constrict eight enemies at once.))
((Your skin changes colour to match your surroundings (Stealth+).))
((Your rubbery body absorbs attacks. (AC +1, EV +1)))


Message History

* * * LOW HITPOINT WARNING * * *
The orc barely misses you. The orc hits you with a +0 whip.
* * * LOW HITPOINT WARNING * * *
Grinder hits you.
* * * LOW HITPOINT WARNING * * *
You writhe in agony.
* * * LOW HITPOINT WARNING * * *
The worm barely misses you.
You can move again.
Unknown command.
Unknown command.
Unknown command.
Unknown command.
Unknown command.
As you read the scroll labeled ZEDARA WORISTAF, it crumbles to dust.
The scroll dissolves into smoke.
It was a scroll of fog.
The orc hits you with a +0 flail.
* * * LOW HITPOINT WARNING * * *
The orc barely misses you. Grinder hits you!
You die...

.................##..
.................##..
.................##..
................##..
########....####....##..
#....!........##........
#.............##........
#.....o5§.....#####....#
.....§os§.....# ###....#
......w§§§....# #.......
....$.######### #.......
...... #....... .....
#....... ..... #.......
.... #....... ....
#....... #.......


You could see Grinder, a worm (very poisoned) and 2 orcs.

Vanquished Creatures
  A scorpion (D:4)
  A hound (D:3)
  Natasha (thrice) (D:3)
  4 adders
  2 worms
  A dart slug (D:2)
  A leopard gecko (D:2)
  5 orcs
  A ball python (D:2)
  4 giant cockroaches
  3 goblins
  7 hobgoblins
  2 quokkas (D:3)
  11 bats
  5 frilled lizards
  7 kobolds
  8 rats
66 creatures vanquished.

Notes
Turn   | Place    | Note
-------+----------+-------------------------------------------
     0 | D:1      | kae the Octopode Transmuter began the quest for the Orb.
     0 | D:1      | Reached XP level 1. HP: 13/13 MP: 3/3
   412 | D:1      | Reached XP level 2. HP: 18/18 MP: 3/5
  1006 | D:2      | Reached XP level 3. HP: 10/23 MP: 4/6
  1418 | D:2      | Learned a level 3 spell: Spider Form
  1975 | D:2      | Reached XP level 4. HP: 28/28 MP: 5/7
  2367 | D:2      | Found a shimmering blue altar of Sif Muna.
  2375 | D:2      | Found a hazy altar of Hepliaklqana.
  2375 | D:2      | Found a broken altar of Ashenzari.
  2375 | D:2      | Found an ancient bone altar of Kikubaaqudgha.
  2379 | D:2      | Found a basalt altar of Yredelemnul.
  2816 | D:3      | Found a transporter.
  2816 | D:3      | Noticed p0werm0de's ghost (amateur MiFi)
  2822 | D:3      | Found a transporter.
  3166 | D:3      | Reached XP level 5. HP: 34/34 MP: 6/8
  3465 | D:3      | Noticed Natasha
  3475 | D:3      | Killed Natasha
  3602 | D:3      | Noticed Natasha
  3608 | D:3      | Killed Natasha
  3698 | D:3      | Found a transporter.
  3724 | D:3      | Noticed Natasha
  3734 | D:3      | Killed Natasha
  4269 | D:4      | Noticed an ogre
  4349 | D:4      | Reached XP level 6. HP: 24/41 MP: 8/10
  4572 | D:4      | Noticed Grinder
  4581 | D:4      | Paralysed by Grinder for 2 turns
  4584 | D:4      | Slain by Grinder

Illustrated notes

Levels and vault maps discovered:
D:1:      wander_arrival_abandoned_jail, layout_basic
D:2:      layout_loops_corners, minitemple
D:3:      layout_loops_ring, gammafunk_ghost_mausoleum, uniq_natasha
D:4:      layout_basic, hangedman_abyss_or_decor_stagger, uniq_grinder

Skill      XL: |  1  2  3  4  5 |
---------------+----------------+-----
Transmutations | 3 4 |  4.3
Fighting       | 2 |  2.5
Unarmed Combat | 4 |  4.1
Spellcasting   | 3 |  3.0
Dodging        | |  2.0

Action                   |  1- 3 |  4- 6 || total
-------------------------+-------+-------++-------
Melee: Unarmed           |    78 |    80 ||   158
       Constrict         |    24 |    19 ||    43
       Kick              |    10 |    14 ||    24
       Tentacles         |     7 |     9 ||    16
       Punch             |     2 |     3 ||     5
 Cast: Beastly Appendage |    22 |    20 ||    42
       Spider Form       |       |     1 ||     1
Evoke: Wand              |       |     1 ||     1
  Use: Scroll            |       |     1 ||     1
 Stab: Sleeping          |     4 |     3 ||     7
Armor: Skin              |    15 |     5 ||    20
Dodge: Dodged            |    63 |    56 ||   119

Table legend: (Time is in decaauts)
 A = Elapsed time spent in this place.
 B = Non-inter-level travel time spent in this place.
 C = Inter-level travel time spent in this place.
 D = Time resting spent in this place.
 E = Time spent auto-exploring this place.
 F = Levels seen in this place.
 G = Mean time per level.
                   A        B        C        D        E       F      G
               +--------+--------+--------+--------+--------+-----+--------+
         Total |   4579 |   4511 |     68 |    490 |   3587 |   4 | 1144.8 |
       Dungeon |   4579 |   4511 |     68 |    490 |   3587 |   4 | 1144.8 |
               +--------+--------+--------+--------+--------+-----+--------+

Top non-repeatable levels by time:
     D:2: 1710 daAuts
     D:3: 1476 daAuts
     D:1: 964 daAuts
     D:4: 428 daAuts
